 Dungeon Crawl Stone Soup version 0.28.0-53-g5a82cb258f (webtiles) character file.

Game seed: 15547828516676581944

2696 SanguineChosen the Poker (level 9, 0/55 HPs)
             Began as a Gargoyle Fighter on July 17, 2022.
             Killed from afar by an orc (24 damage)
             ... with a bolt of acid
             ... on level 6 of the Dungeon.
             The game lasted 00:18:55 (6743 turns).

SanguineChosen the Poker (Gargoyle Fighter)         Turns: 6743, Time: 00:18:55

Health: 0/55       AC: 18    Str: 24    XL:     9   Next: 65%
Magic:  9/9        EV: 10    Int:  9    God:
Gold:   289        SH:  5    Dex:  9    Spells: 8/8 levels left

rFire   + . .      SeeInvis .   q - +11 spear of Bile {pain, rElec Stlth+}
rCold   . . .      Faith    .   c - +0 buckler
rNeg    + . .      Spirit   .   F - +3 scale mail {rF+}
rPois   ∞          Reflect  .   (no helmet)
rElec   +          Harm     .   (no cloak)
rCorr   .          Rampage  .   k - +0 pair of gloves
Will    .....                   (no boots)
Stlth   ++........              (no amulet)
HPRegen 0.18/turn               (no ring)
MPRegen 0.11/turn               (no ring)

@: no status effects
A: sickness immunity, AC +6, negative energy resistance 1, electricity
resistance, torment resistance 1, petrification resistance
a: no special abilities


You were on level 6 of the Dungeon.
You visited 1 branch of the dungeon, and saw 6 of its levels.

You collected 289 gold pieces.

Inventory:

Hand Weapons
 i - the +4 mace of Qaom {venom, rF+}
   (You took it off a hobgoblin on level 2 of the Dungeon)

   It poisons the flesh of those it strikes.
   rF:        It protects you from fire.
 q - the +11 spear of Bile (weapon) {pain, rElec Stlth+}
   (You found it on level 3 of the Dungeon)

   In the hands of one skilled in necromantic magic, it inflicts extra damage on
   living creatures.
   rElec:     It insulates you from electricity.
   Stlth:     It makes you more stealthy.
Missiles
 o - 2 curare-tipped darts (quivered)
Armour
 c - a +0 buckler (worn)
 k - a +0 pair of gloves (worn)
 F - a +3 scale mail of fire resistance (worn)
Jewellery
 D - an amulet of guardian spirit
 E - a ring of wizardry
Wands
 h - a wand of charming (23)
 j - a wand of polymorph (7)
Scrolls
 e - 2 scrolls of identify
 f - a scroll of enchant weapon {unknown}
 g - 3 scrolls of teleportation
 m - a scroll of enchant armour {unknown}
 r - a scroll of noise {unknown}
 s - a scroll of magic mapping {unknown}
 t - a scroll of fear {unknown}
 u - a scroll of immolation {unknown}
 w - a scroll of fog {unknown}
 x - a scroll of holy word {unknown}
 y - a scroll of vulnerability {unknown}
 A - a scroll of acquirement {unknown}
 C - a scroll of summoning {unknown}
Potions
 d - a potion of might
 l - 2 potions of lignification
 n - 2 potions of brilliance {unknown}
 p - a potion of degeneration {unknown}
 v - a potion of cancellation {unknown}
 z - 2 potions of haste {unknown}
 B - 2 potions of curing


   Skills:
 + Level 5.6 Fighting
 + Level 4.1 Maces & Flails
 + Level 7.6 Polearms
 + Level 1.1 Throwing
 + Level 6.5 Armour
 + Level 2.3 Dodging
 + Level 3.1 Stealth
 + Level 5.4 Shields


You had 8 spell levels left.
You didn't know any spells.
Your spell library contained the following spells:

 Spells                   Type           Power      Damage    Failure   Level
 Animate Skeleton         Necr           0%         N/A       75%         1
 Pain                     Necr           0%         1d4       75%         1
 Vampiric Draining        Necr           0%         2d6       98%         3


Dungeon Overview and Level Annotations

Branches:
Dungeon (6/15)             Temple (0/1) D:5

Altars:


Innate Abilities, Weirdness & Mutations

You are immune to sickness and miasma.
Your stone body is resilient. (AC +6)
You are immune to poison.
You resist negative energy. (rN+)
You are resistant to electric shocks. (rElec)
You are resistant to unholy torment.
You are immune to petrification.


Message History

You puncture the killer bee zombie!
You destroy the killer bee zombie!
No target in view!
No target in view!
No target in view!
No target in view!
No target in view!
No target in view!
An ufetubus comes into view.
The ufetubus shouts!
You see here 17 gold pieces.
An ufetubus is nearby!
You now have 274 gold pieces (gained 17).
You see here 15 gold pieces.
You hit the ufetubus.
The ufetubus is almost dead.
The ufetubus barely misses you. x2
The ufetubus hits you but does no damage.
You block the ufetubus's attack.
You barely miss the ufetubus.
The ufetubus is almost dead.
The ufetubus barely misses you.
The ufetubus hits you but does no damage.
You puncture the ufetubus!
You kill the ufetubus!
No target in view!
You now have 289 gold pieces (gained 15).
Found a ring mail.
An orc comes into view. It is wielding a +0 hand axe.
You see here a +0 robe of the Archmagi.
An orc comes into view.
It is wielding a +0 dagger and carrying a wand of acid (7).
An orc comes into view.
It is wielding a +0 club and carrying a wand of acid (10).
You reach to attack!
The orc shouts!
You puncture the orc!
You kill the orc!
The orc zaps a wand.
The bolt of acid hits you!
The orc zaps a wand.
The bolt of acid hits you!
The orc zaps a wand.
The bolt of acid hits you!!
You die...

.. .# #. ######.# #
#[##......# #.
#.##...o..#
#.###..#...o..#
#.........)##.#
#..........##.#######
#...................#
#.........@.........#
#....[..............#
#...................#
#..........##.######
#..........##.#
#..........##.#
#...........#.#
#######
###########.#.#
#...... #.#.# #......


You could see 2 orcs.

Vanquished Creatures
  Pikel (D:4)
  Sigmund (D:2)
  Menkaure (D:4)
  Edmund (D:5)
  A water moccasin (D:5)
  An orc warrior (D:5)
  An ice beast (D:5)
  2 necrophages (D:4)
  3 ogres
  3 black bears (D:5)
  2 phantoms
  A gnoll sergeant (D:5)
  A scorpion (D:6)
  A water moccasin zombie (D:5)
  A bullfrog zombie (D:6)
  An orc priest (D:5)
  2 hounds (D:4)
  A jelly (D:2)
  A bullfrog skeleton (D:5)
  A centaur skeleton (D:4)
  A killer bee zombie (D:6)
  A hound skeleton (D:5)
  Robin (D:4)
  12 gnolls
  4 adders
  2 white imps
  An ufetubus (D:6)
  An adder skeleton (D:4)
  A worm (D:3)
  4 dart slugs
  11 orcs
  3 bats
  11 endoplasms
  6 giant cockroaches
  8 hobgoblins
  2 jackals (D:1)
  8 kobolds
  7 quokkas
  6 ball pythons
  5 frilled lizards
  13 goblins
  6 rats
141 creatures vanquished.

Notes
Turn   | Place    | Note
-------+----------+-------------------------------------------
     0 | D:1      | SanguineChosen the Gargoyle Fighter began the quest for the
                  | Orb.
     0 | D:1      | Reached XP level 1. HP: 14/14 MP: 1/1
   219 | D:1      | Found a faded altar of an unknown god.
   267 | D:1      | Reached XP level 2. HP: 17/19 MP: 2/2
   576 | D:1      | You fall into a shaft and drop 1 floor!
   704 | D:2      | Reached XP level 3. HP: 22/24 MP: 3/3
   746 | D:2      | Identified the +4 mace of Qaom {venom, rF+}
   887 | D:2      | Noticed Sigmund
  2466 | D:2      | Reached skill level 1 in Dodging
  2466 | D:2      | Reached XP level 4. HP: 29/29 MP: 4/4
  2870 | D:2      | Killed Sigmund
  2871 | D:2      | Reached XP level 5. HP: 25/33 MP: 5/5
  2871 | D:2      | Reached XP level 6. HP: 28/38 MP: 6/6
  3182 | D:3      | Identified the +11 spear of Bile {pain, rElec Stlth+}
  3493 | D:3      | Reached skill level 5 in Armour
  3888 | D:4      | Noticed a necrophage
  3894 | D:4      | Killed a necrophage
  3895 | D:4      | Reached skill level 1 in Polearms
  3895 | D:4      | Reached XP level 7. HP: 44/44 MP: 7/7
  3900 | D:4      | Reached skill level 1 in Throwing
  4003 | D:4      | Noticed Menkaure
  4007 | D:4      | Killed Menkaure
  4008 | D:4      | Reached skill level 2 in Polearms
  4170 | D:4      | Noticed Pikel
  4187 | D:4      | Killed Pikel
  4188 | D:4      | Reached skill level 4 in Polearms
  4188 | D:4      | Reached skill level 1 in Stealth
  4188 | D:4      | Reached XP level 8. HP: 29/48 MP: 8/8
  4393 | D:4      | Noticed Robin
  4409 | D:4      | Killed Robin
  4595 | D:4      | Reached skill level 5 in Polearms
  4988 | D:5      | Entered Level 5 of the Dungeon
  5038 | D:5      | Noticed Edmund
  5047 | D:5      | Killed Edmund
  5048 | D:5      | Reached skill level 5 in Fighting
  5048 | D:5      | Reached skill level 5 in Shields
  5069 | D:5      | Reached skill level 6 in Polearms
  5072 | D:5      | Found a staircase to the Ecumenical Temple.
  5120 | D:5      | Reached XP level 9. HP: 52/54 MP: 9/9
  5688 | D:5      | Reached skill level 7 in Polearms
  6743 | D:6      | Killed from afar by an orc

Illustrated notes

Levels and vault maps discovered:
D:1:      dpeg_arrival_tiny_k, layout_basic, basic_ecumenical_altar,
          corexii_item_surrounded_by_moat
D:2:      layout_rooms, minmay_3d_cube, uniq_sigmund
D:3:      layout_rooms
D:4:      layout_loops_corners, uniq_menkaure, uniq_robin, uniq_pikel
D:5:      layout_layer_cave, minmay_temple_entry_wispy, minmay_checkerbox,
          uniq_edmund
D:6:      kennysheep_steamy, layout_basic

Skill      XL: |  1  2  3  4  5  6  7  8  9 |
---------------+----------------------------+-----
Dodging        | 1 2 |  2.3
Armour         | 4 5 6 |  6.5
Maces & Flails | 4 |  4.1
Fighting       | 4 5 |  5.6
Polearms       | 1 4 6 7 |  7.6
Shields        | 4 5 |  5.4
Throwing       | 1 |  1.1
Stealth        | 1 2 3 |  3.1

Action                   |  1- 3 |  4- 6 |  7- 9 || total
-------------------------+-------+-------+-------++-------
Melee: Flail             |    71 |       |       ||    71
       Mace              |    34 |    32 |       ||    66
       Spear             |       |    38 |   221 ||   259
Throw: Dart              |       |     2 |       ||     2
  Use: Scroll            |       |     3 |       ||     3
       Potion            |       |     1 |       ||     1
 Stab: Sleeping          |       |       |     4 ||     4
Armor: Scale mail        |    44 |    20 |    66 ||   130
       Skin              |     1 |       |       ||     1
Dodge: Dodged            |    52 |    31 |    62 ||   145
Block: Buckler           |    25 |     6 |    32 ||    63
